[Event "Early-Titled-Tuesday-Blitz-December-26-2023"]
[Site "Chess.com"]
[Date "2023.12.26"]
[Round "5"]
[White "secrethawk1"]
[Black "isaak2009"]
[Result "1-0"]
[WhiteElo "2457"]
[BlackElo "2608"]
[TimeControl "180+1"]
[EndTime "8:57:00 PST"]
[Termination "secrethawk1 won by resignation"]

1. d4 d5 2. Bf4 Nf6 3. e3 c5 4. c3 Nc6 5. Nd2 Qb6 6. Qb3 Bf5 7. dxc5 Qxb3 8. Nxb3 e5 9. Bg3 Ne4 10. Nf3 f6 11. Bb5 Nxc5 12. Nxc5 Bxc5 13. O-O O-O-O 14.
b4 Bb6 15. a4 Bc7 16. Rac1 a6 17. Be2 Kb8 18. b5 axb5 19. axb5 Na5 20. Ra1 b6 21. Rfd1 Rd7 22. Nd2 h5 23. h3 h4 24.
Bh2 Rc8 25. c4 d4 26. e4 Be6 27. Bd3 Bd6 28. Ra4 Bc5 29. Rda1 Kc7 30. f4 Bd6 31.
fxe5 fxe5 32. c5 Bxc5 33. Bxe5+ Kd8 34. Rf1 Rf7 35. Bxd4 Rd7 36. Bxc5 Rxc5 37. Ra3 Ke7 38. Nf3 Nb3 39. Be2 g5 40. Bd1 Na5 41. e5 Bc4 42.
Re1 Bxb5 43. Nxg5 Bc6 44. Bg4 Rd2 45. Nf3 Rb2 46. Rae3 Nc4 47. R3e2 Rb4 48. Nxh4 Nb2 49. Nf3 Nd3 50. Rd1 Nf4 51. Red2 Bxf3 52. Bxf3 Rxe5 53. Rd7+ Ke8 54. Rd8+ Ke7 55. R1d7+ Ke6 56. Re8+ Kxd7 57. Rxe5 Rb1+ 58. Kh2 b5 59. Rf5 Ne6 60. Rd5+ Ke7 61. Re5 Kf6 62. Rd5 b4 63. Bg4 Nf4 64. Rf5+ Kg6 65.
Rxf4 b3 66. Bf5+ 1-0

[Event "Early-Titled-Tuesday-Blitz-December-26-2023"]
[Site "Chess.com"]
[Date "2023.12.26"]
[Round "5"]
[White "Giantgoogachess"]
[Black "mightysmasher"]
[Result "0-1"]
[WhiteElo "2384"]
[BlackElo "2607"]
[TimeControl "180+1"]
[EndTime "8:57:01 PST"]
[Termination "mightysmasher won by checkmate"]

1. d4 d5 2. c4 e6 3. Nc3 Be7 4.
cxd5 exd5 5. Bf4 Nf6 6. e3 O-O 7. Bd3 c6 8. h3 Bd6 9. Bg5 h6 10. Bh4 g5 11. Bg3 Bxg3 12. fxg3 Qe7 13. Qf3 Re8 14.
Nge2 Nbd7 15. Kd2 Ne4+ 16. Bxe4 dxe4 17. Qh5 Kg7 18. Raf1 Nf6 19. Rxf6 Qxf6 20. Ke1 Qg6 21. Qxg6+ Kxg6 22. g4 f5 23. gxf5+ Bxf5 24. g4 Be6 25. Ng3 Bd5 26. h4 gxh4 27. Rxh4 Kg5 28. Rh2 Kxg4 29.
Nge2 Rf8 30. Rxh6 Rh8 31. Rg6+ Kf5 32. Rg7 b6 33. Rd7 Ke6 34. Rg7 Rh1+ 35. Kd2 Rh2 36. Rg6+ Kf7 37. Rd6 Ke7 38. Rg6 Rf8 39. b3 b5 40. Kc1 b4 41. Nxd5+ cxd5 42. Nf4 Rxa2 43. Nxd5+ Kd7 44. Rg7+ Kd6 45. Nf4 Rh8 46. Kb1 Rf2 47.
Rg6+ Ke7 48. Rg1 Rhh2 49. Nd5+ Kf7 50. Nxb4 Rb2+ 51. Ka1 Rxb3 52. Nd5 Ra3+ 53. Kb1 Rha2 54. Rg4 Ra1+ 55. Kb2 R1a2+ 56. Kb1 Rh2 57. Rxe4 a5 58.
Nf4 Kf6 59. d5 Kf5 60. Re8 Ra4 61. d6 Rb4+ 62. Ka1 Rb6 63. d7 Rc6 64. d8=Q Rc1# 0-1

[Event "Early-Titled-Tuesday-Blitz-December-26-2023"]
[Site "Chess.com"]
[Date "2023.12.26"]
[Round "5"]
[White "szefru"]
[Black "aksuliini1"]
[Result "1-0"]
[WhiteElo "2275"]
[BlackElo "2467"]
[TimeControl "180+1"]
[EndTime "8:57:05 PST"]
[Termination "szefru won by checkmate"]

1. e4 c6 2. d4 d5 3. exd5 cxd5 4. c3 Bf5 5. Ne2 Nc6 6. Ng3 Bg6 7. h4 h6 8. h5 Bh7 9. Bd3 Bxd3 10. Qxd3 e6 11. O-O Bd6 12. Be3 Qh4 13. Bd2 Nf6 14. Na3 Ng4 15. Rfe1 O-O 16. Qf3 Bxg3 17. Qxg3 Qxg3 18.
fxg3 Nf6 19. Nb5 Rfd8 20. Rf1 Nxh5 21. Kh2 Nf6 22. Kh3 Ne4 23. Be3 a6 24. Na3 b5 25.
Nc2 Rab8 26. a3 Na5 27. Rae1 Nc4 28. Bc1 a5 29. Rf4 f6 30. b4 Kf7 31. Rf3 a4 32. Re2 Rbc8 33. Ne1 Ncd6 34. Ree3 Nf5 35. Rd3 g5 36. g4 Nfd6 37. Rfe3 Nc4 38. Rf3 Rc6 39. g3 Rdc8 40. Ng2 Ncd6 41. Bb2 Nc4 42. Bc1 e5 43. Ne1 Ke6 44. Rf5 Ncd6 45. dxe5 Nxf5 46. gxf5+ Kxf5 47. exf6 Nxf6 48. Rf3+ Kg6 49. Bb2 Ne4 50. Rd3 Nxc3 51. Bxc3 Rxc3 52. Rxd5 Rxa3 53. Rxb5 Rcc3 54. Rb6+ Kg7 55.
Kg4 Rxg3+ 56. Kf5 Rge3 57. Rb7+ Kf8 58. Nc2 Rf3+ 59. Kg6 Rac3 60. Nd4 Rfd3 61. Ne6+ Ke8 62. Kf6 Rc8 63. Re7# 1-0

[Event "Early-Titled-Tuesday-Blitz-December-26-2023"]
[Site "Chess.com"]
[Date "2023.12.26"]
[Round "5"]
[White "kakarot_001"]
[Black "Nitzan_Steinberg"]
[Result "0-1"]
[WhiteElo "2662"]
[BlackElo "2870"]
[TimeControl "180+1"]
[EndTime "8:57:06 PST"]
[Termination "Nitzan_Steinberg won by checkmate"]

1. Nf3 d5 2. b3 Bg4 3. Bb2 Bxf3 4.
gxf3 Nd7 5. e3 Ngf6 6. c4 e6 7. f4 c6 8. Bg2 g6 9. O-O Bg7 10. d4 O-O 11. Nd2 a5 12. Kh1 a4 13. Qc2 b5 14. cxb5 cxb5 15. Ba3 Re8 16. Qd3 Qb6 17.
bxa4 Rxa4 18. Rab1 Qa6 19. Rb3 Ra8 20. Bb2 Rxa2 21.
Qxb5 Qxb5 22. Rxb5 Bf8 23. Rb1 Ne8 24. Rb7 Ndf6 25.
Bc3 Rc2 26. R7b3 Raa2 27. Rd1 Nd6 28. Bf3 h5 29. h3 Nf5 30. Kg1 Kg7 31. Kf1 Ba3 32.
Ke1 Bc1 33. Bb4 Nh4 34. Bh1 Nf5 35. Bf3 Nd7 36. Be2 Bxd2+ 37. Rxd2 Rxd2 38. Bxd2 Nf6 39. Bd3 Ne4 40. Bxe4 dxe4 41. Bc3 f6 42. Rb7+ Kg8 43. Rb6 Kf7 44. Rb7+ Ke8 45. Rb6 Kd7 46. Rb7+ Kc6 47. Rf7 Rc2 48. Ba5 Kb5 49. Bd8 Nh4 50. Rxf6 Nf3+ 51.
Kd1 Rxf2 52. Rxe6 Kc4 53. Kc1 Kd3 54. d5 Rc2+ 55. Kb1 Nd2+ 56. Ka1 Rc8 57. Bf6 Rc5 58. d6 Kc2 59. Re5 Rc6 60. Ra5 Nb3+ 61. Ka2 Nxa5 62. d7 Nc4 63. d8=Q Ra6+ 64. Qa5 Rxa5# 0-1

[Event "Early-Titled-Tuesday-Blitz-December-26-2023"]
[Site "Chess.com"]
[Date "2023.12.26"]
[Round "5"]
[White "mbojan"]
[Black "Druid24"]
[Result "1-0"]
[WhiteElo "2918"]
[BlackElo "2691"]
[TimeControl "180+1"]
[EndTime "8:57:11 PST"]
[Termination "mbojan won by resignation"]

1. a3 e5 2. h3 Nf6 3. e3 d5 4.
d4 exd4 5. exd4 Bd6 6. Bd3 O-O 7. Ne2 Re8 8. O-O c6 9. Nbc3 a6 10. Bf4 c5 11. Bxd6 Qxd6 12. dxc5 Qxc5 13. Nd4 Nc6 14. Nce2 Ne5 15. c3 Nxd3 16. Qxd3 Bd7 17. Rfe1 Qc4 18. Qxc4 dxc4 19. f3 Kf8 20. Kf2 Nd5 21. h4 Rad8 22.
g3 Ba4 23. Nf4 Nxf4 24. gxf4 Rxe1 25. Rxe1 Re8 26. Re5 Rc8 27. Rd5 Ke7 28. Nf5+ Kf6 29. Ne3 Rc6 30. Re5 g6 31. Ng4+ Kg7 32. Re7 b5 33. Rxf7+ Kxf7 34. Ne5+ Ke6 35. Nxc6 Kd5 36. Nb4+ Ke6 37. Nxa6 Kf5 38. Ke3 Bb3 39. Nc7 Ba4 40. Nd5 h6 41. Ne7+ Kf6 42. Nc6 Kf5 43.
Nd4+ Kf6 44. Kf2 Ke7 45. f5 g5 46. hxg5 hxg5 47. Kg3 Kf6 48. f4 Bd1 49. Nxb5 Kxf5 50. fxg5 Kxg5 51. Kf2 Kf4 52. Nd6 Bb3 53. Ke2 Ke5 54.
Nb5 Kd5 55. Nd4 Ba4 56. Ke3 Ke5 57. Nf3+ Kd5 58. Kf4 Bd1 59. Ne1 Kc5 60. Ke3 Kb5 61.
Kd2 Bg4 62. Nc2 Ka4 63. Nd4 Ka5 64. Ke3 Kb6 65. Ke4 Kc5 66. Ke5 Bd7 67. Ne6+ Kb5 68. Kd5 Ka4 69. Nd4 Bb5 70. Nxb5 Kb3 71. Nd4+ Kxb2 72.
Kxc4 1-0

[Event "Early-Titled-Tuesday-Blitz-December-26-2023"]
[Site "Chess.com"]
[Date "2023.12.26"]
[Round "5"]
[White "Alexei_Gubajdullin"]
[Black "rezamahdavi2008"]
[Result "0-1"]
[WhiteElo "2665"]
[BlackElo "2872"]
[TimeControl "180+1"]
[EndTime "8:57:19 PST"]
[Termination "rezamahdavi2008 won by resignation"]

1. d4 Nf6 2. Nf3 e6 3. Bf4 c5 4. e3 Nc6 5. Nbd2 d5 6. c3 h6 7. Bb5 Bd6 8. Bxd6 Qxd6 9. Ne5 O-O 10. Bxc6 bxc6 11. Qa4 cxd4 12. cxd4 c5 13. Qa3 Ba6 14.
Nb3 Rfb8 15. Nxc5 Rb6 16. f3 Rab8 17. b3 Ne8 18. Ned7 Nc7 19. Nxb8 Rxb8 20. f4 Rb6 21. Kf2 Ne8 22. Rhc1 Nf6 23. Qa5 Ng4+ 24. Kf3 Nf6 25. a4 Ne4 26. Nxa6 Rxa6 27. Qc7 Nd2+ 28. Ke2 Nxb3 29.
Qxd6 Nxc1+ 30. Rxc1 Rxd6 31. Rc8+ Kh7 32. Rc7 Ra6 33.
Rxf7 Rxa4 34. h4 Kg6 35. Rb7 h5 36. Kf3 Kf6 37. Rb8 Ra1 38. Rf8+ Kg6 39. Re8 Kf7 40. Rh8 g6 41. Rh7+ Kf6 42. Rb7 a5 43. Ra7 a4 44.
Kg3 a3 45. Ra6 Kf5 46. Kf2 a2 47. Kg3 Re1 48. Rxa2 Rxe3+ 49. Kf2 Kxf4 50. Ra8 Rd3 51. Rh8 Rd2+ 52. Kf1 Rxd4 53. Rg8 Kf5 54. Kf2 Rxh4 55. Rf8+ Ke5 56. Kg3 Rg4+ 57. Kf3 Rg5 58. Ra8 Rf5+ 59. Kg3 g5 60. Ra1 Rf4 61. Re1+ Re4 62. Rh1 h4+ 63. Kh2 g4 64. Ra1 Re2 65. Kh1 h3 66. g3 d4 67. Ra4 d3 68. Rxg4 d2 69. Rg5+ Kf6 0-1

[Event "Early-Titled-Tuesday-Blitz-December-26-2023"]
[Site "Chess.com"]
[Date "2023.12.26"]
[Round "5"]
[White "Evgeny81"]
[Black "tetrix83"]
[Result "1-0"]
[WhiteElo "2769"]
[BlackElo "2574"]
[TimeControl "180+1"]
[EndTime "8:57:21 PST"]
[Termination "Evgeny81 won on time"]

1. d4 Nf6 2. c4 g6 3. Nc3 Bg7 4. e4 O-O 5. Nf3 d6 6. Be2 e5 7. d5 a5 8. h3 Na6 9. Bg5 h6 10. Be3 Nh7 11. h4 Bg4 12. Ng1 Bxe2 13. Qxe2 f5 14. h5 f4 15. hxg6 Ng5 16. Bd2 Qf6 17.
Nf3 Qxg6 18. O-O-O Nc5 19. Nxg5 hxg5 20. f3 Rf7 21.
Be1 Kf8 22. Bf2 b6 23. Nb5 Na6 24. b3 Bf6 25. a3 Rh7 26. Kc2 Ke7 27. Rdg1 g4 28.
Rxh7+ Qxh7 29. fxg4 Rg8 30. g3 Qh2 31. Qf3 fxg3 32.
Rxg3 Bg5 33. Rh3 Qf4 34. Rh7+ Kd8 35. Qxf4 Bxf4 36. Rh4 Bg5 37. Rh2 Rf8 38. Na7 Nc5 39.
Nc6+ Kc8 40. Bxc5 bxc5 41. Rh5 Rf2+ 42. Kd1 Bf4 43. Rh8+ Kb7 44. Rb8+ Ka6 45. Ra8+ Kb7 46. Rb8+ Ka6 47. Ra8+ Kb7 48. Rxa5 Rd2+ 49. Ke1 Rb2 50. Rb5+ Ka6 51. Nb8+ Ka7 52. Nc6+ Ka6 53. b4 Rg2 54.
bxc5 dxc5 55. Nb8+ Ka7 56. Nc6+ Ka6 57. Rxc5 Rxg4 58. Ra5+ Kb6 59. Rb5+ Ka6 60. Nb4+ Ka7 61. Nc6+ Ka6 62. Ke2 Rg3 63. Nb4+ Ka7 64. Nc6+ Ka6 65. a4 Re3+ 66. Kf2 Rxe4 67. Nb4+ Ka7 68. Nc6+ Ka6 69.
Ra5+ Kb7 70. c5 1-0

[Event "Early-Titled-Tuesday-Blitz-December-26-2023"]
[Site "Chess.com"]
[Date "2023.12.26"]
[Round "5"]
[White "Suleyman_Chess06"]
[Black "FelixBlohberger"]
[Result "1/2-1/2"]
[WhiteElo "2619"]
[BlackElo "2778"]
[TimeControl "180+1"]
[EndTime "8:57:23 PST"]
[Termination "Game drawn by 50-move rule"]

1. Nf3 d5 2. g3 g6 3. Bg2 Bg7 4. d4 Nf6 5. O-O O-O 6. c4 c6 7. cxd5 cxd5 8. Nc3 Nc6 9. Ne5 Bf5 10. Be3 Rc8 11.
Rc1 Ne4 12. Nxc6 Rxc6 13. Nxe4 Bxe4 14. Rxc6 bxc6 15. Bxe4 dxe4 16. Qc2 Qd5 17. Rc1 Qxa2 18. Qxc6 Qxb2 19. Qxe4 Qxe2 20. Rc7 e6 21. Rxa7 h5 22. h4 Qg4 23. Qxg4 hxg4 24. Rd7 f5 25. d5 exd5 26. Rxd5 Rf7 27. Kg2 Kh7 28. Rd6 Bf6 29. Rd5 Bg7 30. Ra5 Bh6 31. Bd4 Bg7 32. Be3 Bh6 33. Bc5 Rd7 34. Ra6 Bg7 35. Be3 Bd4 36. Bf4 Rb7 37. Rd6 Bc5 38. Rd5 Be7 39. h5 gxh5 40. Rxf5 Kg6 41. Ra5 Rb6 42. Rd5 Bf6 43. Be3 Rc6 44.
Rb5 Re6 45. Rb8 Rc6 46. Rg8+ Kh7 47. Re8 Kg6 48. Ra8 Rd6 49. Rc8 Re6 50. Bf4 Ra6 51. Kg1 Re6 52. Rc2 Ra6 53. Kg2 Re6 54. f3 gxf3+ 55.
Kxf3 Ra6 56. Rc5 Ra3+ 57. Kg2 Ra6 58. Kh3 Re6 59. g4 hxg4+ 60. Kxg4 Ra6 61. Rc8 Rb6 62. Rg8+ Kf7 63. Ra8 Kg6 64. Ra2 Rc6 65. Rg2 Ra6 66. Kf3+ Kf7 67. Ke4 Ra4+ 68. Kf5 Ra5+ 69. Kg4 Ra4 70.
Re2 Kg6 71. Re6 Kf7 72. Re2 Kg6 73. Rg2 Be5 74. Kf3+ Kf6 75. Be3 Kf5 76. Rg5+ Ke6 77. Rh5 Ra3 78. Ke2 Ra2+ 79. Kf3 Ra3 80. Rh4 Ra2 81. Rb4 Ra3 82. Ke4 Bd6 83. Rb6 Ra4+ 84. Bd4 Kd7 85. Rb5 Kc6 86. Rh5 Ra8 87. Rh6 Re8+ 88.
Kd3 Kd5 89. Rh5+ Be5 90. Bc3 Re6 91. Bd2 Re8 92. Rh7 Ra8 93. Rd7+ Ke6 94. Rh7 Ra3+ 95. Ke2 Kd5 96. Be3 Ra2+ 97. Kf3 Ra3 98. Rb7 Ke6 99. Rb6+ Kd5 100. Rb5+ Ke6 101. Rb4 Bd6 102. Re4+ Kf5 103.
Rd4 Be5 104. Rh4 Ke6 105. Rb4 Kf5 106. Rc4 Ke6 107. Ke4 Bd6 108. Bd4 Ra6 109. Rc2 Kd7 110. Rg2 1/2-1/2

[Event "Early-Titled-Tuesday-Blitz-December-26-2023"]
[Site "Chess.com"]
[Date "2023.12.26"]
[Round "5"]
[White "missponyo10"]
[Black "PavelChernomordik"]
[Result "1/2-1/2"]
[WhiteElo "2239"]
[BlackElo "2423"]
[TimeControl "180+1"]
[EndTime "8:57:29 PST"]
[Termination "Game drawn by agreement"]

1. e4 g6 2. d3 Bg7 3. Nd2 c5 4.
Ngf3 Nc6 5. g3 d6 6. Bg2 e5 7. O-O Nge7 8. Re1 O-O 9. Nf1 f5 10.
h4 h6 11. N1h2 f4 12. g4 d5 13. exd5 Nxd5 14. a3 Qd6 15. Qe2 Re8 16. Nd2 Nd4 17. Qd1 Qd8 18. c3 Nc6 19. Ne4 b6 20. Qb3 Be6 21.
c4 Nd4 22. Qd1 Nc7 23. Nd2 Rc8 24. Ndf3 Nxf3+ 25. Qxf3 Qxh4 26. Bd2 Rcd8 27. Bc3 Qg5 28. Qe2 Bc8 29. f3 Ne6 30. Nf1 Nd4 31. Qf2 h5 32. gxh5 gxh5 33. Nd2 Qg6 34. Ne4 Bh3 35. Kh2 Bxg2 36. Qxg2 Qxg2+ 37. Kxg2 Nc2 38. Rad1 Ne3+ 39. Rxe3 fxe3 40. Kf1 Re6 41. Ke2 Rg6 42. Kxe3 Rg2 43. Nf2 Rf8 44. Rh1 Rg3 45. Be1 Rgxf3+ 46. Ke2 R3f5 47.
Ne4 Kh7 48. Ng3 Rg5 49. Ne4 Rg2+ 50. Bf2 Rf5 51. Kf1 Rg6 52. Ke2 Bh6 53. Ng3 Rfg5 54.
Ne4 Rg2 55. Rxh5 Kg7 56. Rxe5 Bf4 57. Re7+ Kf8 58. Rxa7 Bg3 59. Nxg3 R6xg3 60. Ra8+ Ke7 61. Ra7+ Kd6 62. Kf1 Rxf2+ 63. Kxf2 Rxd3 64. Ke2 Rd4 65. b3 Kc6 66. Rh7 1/2-1/2

[Event "Early-Titled-Tuesday-Blitz-December-26-2023"]
[Site "Chess.com"]
[Date "2023.12.26"]
[Round "5"]
[White "AjedrezInteligente"]
[Black "quvnoq_muxlis"]
[Result "1-0"]
[WhiteElo "2529"]
[BlackElo "2712"]
[TimeControl "180+1"]
[EndTime "8:57:30 PST"]
[Termination "AjedrezInteligente won by resignation"]

1. e4 c5 2. Nf3 Nc6 3. c3 Nf6 4. e5 Nd5 5. d4 cxd4 6. cxd4 d6 7. Bc4 Nb6 8. Bb5 d5 9. O-O Bg4 10. Nbd2 Rc8 11. h3 Bxf3 12. Nxf3 e6 13. Bg5 Be7 14.
Bxe7 Qxe7 15. Rc1 O-O 16. Bxc6 bxc6 17. Qc2 Nd7 18. Qa4 Nb6 19. Qc2 Rc7 20. Ne1 f6 21. Nd3 Nd7 22. f4 Rfc8 23. Nc5 Nf8 24. Rce1 f5 25.
g4 Qf7 26. gxf5 Qxf5 27. Qxf5 exf5 28. Rf3 Kf7 29. Rc1 Ne6 30. Nxe6 Kxe6 31. Rfc3 Kd7 32. Kf2 Rb8 33. R1c2 Rb4 34. Ke3 a5 35. Rc5 a4 36.
h4 Rb5 37. Rxb5 cxb5 38. Rxc7+ Kxc7 39. a3 Kc6 40. Kd3 g6 41. Kc3 h6 42. Kb4 Kd7 43.
Kc3 Ke7 44. Kd3 Kf7 45. Ke3 Ke6 46. Kf3 Kf7 47. Kg3 h5 48. Kf3 Ke6 49. Ke3 Kd7 50.
Kd3 Ke6 51. Kc3 Kd7 52. Kb4 Ke6 53. Kxb5 g5 54. hxg5 h4 55. g6 h3 56. g7 Kf7 57. Kc6 h2 58. Kd7 h1=Q 59. e6+ Kxg7 60. e7 Qe4 61. e8=Q Qxd4 62. Qe5+ Qxe5 63. fxe5 f4 64. e6 f3 65. e7 f2 66. e8=Q f1=Q 67. Qe5+ Qf6 68. Qxd5 Qxb2 69. Qc5 Kf7 70. Qc4+ Kf6 71.
Qxa4 Ke5 72. Kc6 Qg2+ 73. Kb6 Qf2+ 74. Ka6 Kd5 75. Qb5+ Kd4 76. Qb6+ 1-0

[Event "Early-Titled-Tuesday-Blitz-December-26-2023"]
[Site "Chess.com"]
[Date "2023.12.26"]
[Round "5"]
[White "MikeSailer"]
[Black "Ramla2020"]
[Result "0-1"]
[WhiteElo "2185"]
[BlackElo "2465"]
[TimeControl "180+1"]
[EndTime "8:57:32 PST"]
[Termination "Ramla2020 won by resignation"]

1. d4 Nf6 2. Nc3 d5 3. Bf4 Bf5 4.
e3 e6 5. Nf3 a6 6. a3 c5 7. Ne5 Nc6 8. g4 Bg6 9. h4 cxd4 10.
exd4 h6 11. Nxg6 fxg6 12. Bd3 Kf7 13. h5 gxh5 14. gxh5 Qb6 15. Bg6+ Kg8 16. Be5 Nxe5 17. dxe5 Nd7 18. f4 Qe3+ 19. Ne2 Bc5 20. Rf1 Rf8 21.
Qd3 Rc8 22. Qxe3 Bxe3 23. c3 Kf8 24. Rf3 Ba7 25. O-O-O Ke7 26. Kb1 Rhf8 27. Nd4 Rc4 28.
Bd3 Rcc8 29. Bg6 Bxd4 30. cxd4 Rc4 31. f5 exf5 32. Rxf5 Rxf5 33. Bxf5 Nf8 34. b3 Rc3 35. Kb2 Rf3 36. Bg4 Rg3 37. Bc8 b6 38. Bxa6 Ne6 39.
Bb7 Nf4 40. Rf1 Rg2+ 41. Kc3 Rg3+ 42. Kb4 Ne2 43. Bxd5 Nxd4 44. Bc4 Nc6+ 45. Kb5 Nxe5 46. Kxb6 Nxc4+ 47. bxc4 Rxa3 48. c5 Rc3 49. c6 Rb3+ 50.
Kc7 Rc3 51. Rg1 Kf6 52. Kd7 Rd3+ 53. Kc8 Rc3 54. c7 Rc5 55. Rd1 Kg5 56. Rd8 Kxh5 57.
Kd7 g5 58. Kd6 Rc1 59. c8=Q Rxc8 60. Rxc8 Kg4 61. Ke5 h5 62. Ke4 h4 63. Rg8 h3 64.
Ke3 h2 65. Rh8 Kg3 66. Ke2 Kg2 67. Rh5 g4 68. Ke1 h1=Q+ 69. Rxh1 Kxh1 0-1

[Event "Early-Titled-Tuesday-Blitz-December-26-2023"]
[Site "Chess.com"]
[Date "2023.12.26"]
[Round "5"]
[White "viktorskliarov"]
[Black "Kirill_Klukin"]
[Result "1/2-1/2"]
[WhiteElo "2653"]
[BlackElo "2832"]
[TimeControl "180+1"]
[EndTime "8:57:33 PST"]
[Termination "Game drawn - insufficient material"]

1. e4 c5 2. Nf3 g6 3. d4 cxd4 4. Qxd4 Nf6 5. Nc3 Nc6 6. Qa4 d6 7. e5 dxe5 8. Nxe5 Bd7 9. Nxd7 Nxd7 10. Bb5 Bg7 11. Bxc6 bxc6 12. Qxc6 Rc8 13. Qf3 O-O 14. O-O Bxc3 15. bxc3 Qc7 16. Bg5 Rfe8 17. Rfe1 Qxc3 18.
Qxc3 Rxc3 19. Rxe7 Rxe7 20. Bxe7 Rxc2 21. h3 f5 22. Rd1 Nb6 23. a3 Kf7 24. Bb4 Rc7 25.
Rd6 Rd7 26. Rc6 Nd5 27. Bc5 Rb7 28. Ra6 Nb6 29. a4 Ke8 30. a5 Nc8 31. g3 Kd7 32.
Kg2 Rc7 33. Be3 Rc6 34. Rxa7+ Nxa7 35. Bxa7 Rc4 36. Be3 Ra4 37. Bb6 Ke6 38. h4 Ke5 39. Kf3 Ra3+ 40. Kg2 Ke4 41. Bd8 h6 42. Bb6 f4 43.
gxf4 Kxf4 44. Be3+ Kg4 45. Bxh6 Kxh4 46. Bd2 Kg4 47. Bb4 Ra2 48. Bc3 Kf4 49. Bb4 Ra4 50. Bd6+ Kg4 51. Bc7 Kf5 52. Bb6 Ra3 53. Bc7 Kg4 54. Bb6 Ra2 55. Bc7 Kf5 56. Bb6 Rb2 57. Bc7 Rc2 58. Bb6 Rc6 59. Kg3 Rc3+ 60. Kg2 Ra3 61. Bc7 Ra4 62. Bb6 Rg4+ 63. Kf3 Rf4+ 64. Kg3 Rb4 65. Bc7 Ra4 66. Bb6 Ra3+ 67. Kg2 Ke4 68.
Bc7 g5 69. Bb6 g4 70. Bc7 Kf5 71. Bb6 g3 72. fxg3 Kg4 73. Kf2 Ra2+ 74. Ke3 Kxg3 75.
Kd4 Kf4 76. Kc5 Ke5 77. Bc7+ Ke6 78. Kc6 Rc2+ 79. Kb7 Kd7 80. Bb6 Ra2 81. a6 Rxa6 82. Kxa6 1/2-1/2

[Event "Early-Titled-Tuesday-Blitz-December-26-2023"]
[Site "Chess.com"]
[Date "2023.12.26"]
[Round "5"]
[White "FoxOnTheRun97"]
[Black "arturdailima"]
[Result "1-0"]
[WhiteElo "2575"]
[BlackElo "2335"]
[TimeControl "180+1"]
[EndTime "8:57:37 PST"]
[Termination "FoxOnTheRun97 won by checkmate"]

1. d4 d5 2. Bf4 Nf6 3. Nf3 e6 4. e3 Bd6 5. Ne5 O-O 6. Bd3 c5 7. c3 Nc6 8. Qf3 Ne7 9. Qh3 Ng6 10. Nd2 Qc7 11. Ndf3 Nxf4 12. exf4 cxd4 13. cxd4 Qa5+ 14. Kf1 b6 15. Ng5 Ba6 16. Kg1 Bxd3 17. Qxd3 h6 18. Ngf3 Rac8 19. g3 Qb4 20. Rb1 Ne4 21. Kg2 f6 22. a3 Qa5 23. Ng4 Rc4 24. Ne3 Rc7 25.
f5 exf5 26. Nxf5 Rfc8 27. Rhe1 Bf8 28. Re2 Qa4 29. Nd2 Nxd2 30. Qxd2 Rc2 31. Qd3 Rxe2 32. Qxe2 Qd7 33. Ne3 Qe6 34. Qf3 Rd8 35. Rc1 Qe4 36.
Rc7 Qxd4 37. h4 Qe4 38. Rxa7 Qxf3+ 39. Kxf3 d4 40. Nc4 d3 41. Nd2 Bc5 42. Rc7 Bd4 43.
b3 Bb2 44. a4 Ba3 45. Rc4 Bc5 46. b4 Bf8 47. a5 bxa5 48. bxa5 Ra8 49. Nb3 d2 50.
Nxd2 Rxa5 51. Ne4 Kf7 52. g4 Ra7 53. Ng3 g6 54. h5 Ra3+ 55. Kg2 gxh5 56. Nxh5 Be7 57.
Ng3 Ra2 58. Nf5 Ke6 59. Re4+ Kd5 60. Rxe7 Ra4 61. Rd7+ Ke6 62. Rg7 h5 63. Ne3 hxg4 64. Nxg4 Ra1 65. Ne3 f5 66. Kf3 Kf6 67. Rg8 Ra4 68.
Rf8+ Kg6 69. Rxf5 Ra3 70. Rb5 Ra1 71. Ke4 Kf6 72. f4 Ra4+ 73. Kf3 Ra3 74. Rb6+ Kf7 75. Ke4 Ra4+ 76. Ke5 Ra1 77. f5 Ra5+ 78. Nd5 Ra1 79.
Rb7+ Kf8 80. Kf6 Ra6+ 81. Kg5 Kg8 82. Nf4 Ra1 83. Ne6 Ra6 84. Kg6 Ra8 85. f6 Kh8 86.
Rh7+ Kg8 87. f7# 1-0

[Event "Early-Titled-Tuesday-Blitz-December-26-2023"]
[Site "Chess.com"]
[Date "2023.12.26"]
[Round "5"]
[White "fugadelafuga"]
[Black "RebecaJimnz"]
[Result "1/2-1/2"]
[WhiteElo "2427"]
[BlackElo "2261"]
[TimeControl "180+1"]
[EndTime "8:57:37 PST"]
[Termination "Game drawn by repetition"]

1. c4 c5 2. Nc3 Nc6 3. g3 g6 4.
Bg2 Bg7 5. e4 e6 6. Nge2 Nge7 7.
d3 O-O 8. Be3 Nd4 9. a3 b6 10.
e5 Rb8 11. Nxd4 cxd4 12. Bxd4 d6 13. Be3 Bxe5 14. O-O Bb7 15. Bxb7 Rxb7 16. Bh6 Bg7 17. Bxg7 Kxg7 18. d4 d5 19. cxd5 Nxd5 20. Ne4 Nf6 21. Qd3 Nxe4 22. Qxe4 Rd7 23. Rfd1 Qf6 24. Rd2 Rfd8 25.
Rad1 Rd5 26. Kg2 h5 27. h4 Qe7 28. Qe3 Qb7 29. Kg1 Qe7 30. Re1 Qf6 31. Red1 Qf5 32. Kg2 R5d7 33. Qf3 Qa5 34. b4 Qb5 35. Qe4 Rd5 36.
Qf4 Qc6 37. Kg1 Qc3 38. Rd3 Qc4 39. Qe4 e5 40. Rf3 exd4 41. Qe7 R5d7 42. Qe5+ Kg8 43.
Rdd3 Qd5 44. Qg5 Qxg5 45. hxg5 Kg7 46. Rf4 Rd5 47. Kg2 Rxg5 48. Rfxd4 Rxd4 49. Rxd4 Re5 50. Rd7 a5 51. Rd6 axb4 52. axb4 Rb5 53. Rd4 Kf6 54.
f4 Ke6 55. Kf3 Rd5 56. Rc4 b5 57. Rc6+ Kd7 58. Rf6 Ke7 59. Rb6 Kd7 60. Ke4 Rf5 61.
Rb7+ Ke6 62. Rb6+ Ke7 63. Kd4 Kf8 64. Ke4 Kg7 65. Rb7 Kg8 66. Rb6 Kg7 67. Rd6 Kg8 68. Rc6 Kg7 69. Rc3 Kf8 70. Rc7 Ke8 71. Rb7 Kf8 72. Rc7 Ke8 73. Rc6 Ke7 74. Rb6 Kd7 75. Rb8 Ke7 76. Rc8 Kd7 77. Rb8 Ke7 78. Ke3 Rd5 79.
Ke4 Rf5 1/2-1/2

[Event "Early-Titled-Tuesday-Blitz-December-26-2023"]
[Site "Chess.com"]
[Date "2023.12.26"]
[Round "5"]
[White "Devil_Sun"]
[Black "ilya2700"]
[Result "1-0"]
[WhiteElo "2597"]
[BlackElo "2339"]
[TimeControl "180+1"]
[EndTime "8:57:38 PST"]
[Termination "Devil_Sun won on time"]

1. d4 d5 2. c4 e6 3. Nf3 Nf6 4. Nc3 Be7 5. Bf4 O-O 6. e3 Nbd7 7. c5 c6 8. Bd3 b6 9. b4 a5 10. a3 Ba6 11. Bxa6 Rxa6 12. Qd3 b5 13. O-O Qa8 14.
Rab1 axb4 15. axb4 Ra3 16. Qc2 Qb7 17. Ra1 Rfa8 18.
Rxa3 Rxa3 19. Qb2 Qa6 20. Bc7 Ne4 21. Nxe4 dxe4 22. Nd2 Nf6 23. Ba5 Rd3 24. Qc2 Qb7 25. Nxe4 Ra3 26. Nc3 Nd5 27. Nxd5 exd5 28. Qf5 g6 29.
Qf4 Qc8 30. h3 Bd8 31. Bxd8 Qxd8 32. Rb1 Qd7 33. g4 Qa7 34. Kg2 Ra2 35. Qf6 Qa3 36.
Qxc6 Qxe3 37. Qa8+ Rxa8 38. fxe3 Kf8 39. c6 Ke8 40.
Rc1 Kd8 41. Rc5 Kc7 42. Kf3 Ra4 43. Rxb5 Kxc6 44. Rc5+ Kd6 45. b5 Ra1 46. Rc6+ Kd7 47. Rc5 Kd6 48. b6 Rb1 49. Rc7 f6 50. Rxh7 Rxb6 51.
h4 Ke6 52. Rg7 Rb1 53. Rxg6 Rf1+ 54. Ke2 Rh1 55. h5 Kf7 56. g5 Rxh5 57. Rxf6+ Ke7 58. Rf5 Ke6 59. Re5+ Kd6 60. Kf3 Rh3+ 61. Kg4 Rh1 62. Kf5 Rb1 63. g6 Rg1 64. Kf6 Kc6 65. g7 Kb5 66. Rg5 Rf1+ 67. Ke5 Kb4 68. g8=Q Kc3 69. Qxd5 Kd2 70. Rg2+ Ke1 71. Qa5+ 1-0

[Event "Early-Titled-Tuesday-Blitz-December-26-2023"]
[Site "Chess.com"]
[Date "2023.12.26"]
[Round "5"]
[White "Artyom_ChessMate"]
[Black "slidingknight2775"]
[Result "0-1"]
[WhiteElo "2513"]
[BlackElo "2684"]
[TimeControl "180+1"]
[EndTime "8:57:42 PST"]
[Termination "slidingknight2775 won by resignation"]

1. e4 c5 2. Nc3 a6 3. g3 b5 4. Bg2 Bb7 5. d3 e6 6. Nh3 Nf6 7. O-O d6 8. f4 Nbd7 9. f5 exf5 10. Rxf5 b4 11. Ne2 Be7 12. Rf1 O-O 13. Nhf4 Rb8 14.
Nd5 Nxd5 15. exd5 Bf6 16. Rb1 Nb6 17. Nf4 g6 18. Be3 Bg7 19. b3 Re8 20. Bf2 Rc8 21.
h4 Be5 22. Qf3 Qf6 23. Be3 Bc3 24. Kh1 a5 25. Rbd1 Bd4 26. Bc1 a4 27. Qg4 Qg7 28.
Nh3 axb3 29. axb3 f5 30. Qf4 Bxd5 31. Ng5 Bxg2+ 32. Kxg2 h6 33. Nf3 Bf6 34. Qd2 Nd5 35.
Qf2 Nc3 36. Rde1 Qf7 37. h5 g5 38. Nh2 Rxe1 39. Rxe1 Bg7 40. Bd2 Re8 41. Nf3 Rxe1 42. Qxe1 Nd5 43. Qe2 Nf6 44. Qf2 Ng4 45. Qe1 Nf6 46. Qe2 Nxh5 47. Qe3 Nf6 48. Qe2 Qd5 49. Kf1 Ng4 50. Qd1 Qxf3+ 51. Qxf3 Nh2+ 52. Kf2 Nxf3 53. Kxf3 Be5 54. g4 fxg4+ 55. Kxg4 Kg7 56. Kf5 Kf7 57. Be3 Bf6 58. Bf2 h5 59. Bg3 Be7 60. Bf2 g4 61. Be1 Ke8 62. Bf2 Kd7 63. Be1 Bd8 64. Bf2 Kc6 65.
Be1 Kd5 66. Bf2 Be7 67. Kf4 Ke6 68. Be1 d5 69. Bf2 Bd6+ 70. Kg5 g3 71. Bg1 g2 72. Kxh5 Kf5 73. Kh4 Kf4 74. Kh3 Kf3 75.
d4 c4 76. Kh4 cxb3 77. cxb3 Bg3+ 78. Kg5 Bf2 79. Bh2 Bxd4 80. Kf5 g1=Q 81. Bxg1 Bxg1 82.
Ke5 d4 0-1